 Dungeon Crawl Stone Soup version 0.19.1 (webtiles) character file.

1556 CanadianGator the Twirler (level 8, -5/51 HPs)
             Began as a Gargoyle Gladiator on Nov 29, 2016.
             Was an Initiate of Trog.
             Slain by vicissi's ghost (16 damage)
             ... on level 6 of the Dungeon.
             The game lasted 00:15:07 (4000 turns).

CanadianGator the Twirler (Gargoyle Gladiator)      Turns: 4000, Time: 00:15:08

Health: -5/51      AC: 12    Str: 21    XL:     8   Next: 88%
Magic:  8/8        EV: 17    Int:  9    God:    Trog [......]
Gold:   399        SH:  0    Dex: 10    Spells: 0 memorised, 7 levels left

rFire  . . .     SeeInvis .     b - +4 quarterstaff (chaos)
rCold  . . .     Gourm    .     M - +0 leather armour (curse)
rNeg   + . .     Faith    .     (shield currently unavailable)
rPois  ∞         Spirit   .     c - +0 helmet
rElec  +         Reflect  .     h - +0 cloak
rCorr  .         Harm     .     t - +0 pair of gloves
MR     .....                    (no boots)
Stlth  +.........               B - amulet of rage
                                (no ring)
                                m - +4 ring of evasion (curse)

@: very slightly contaminated, hasted, very quick
A: negative energy resistance 1, electricity resistance, unbreathing,
petrification resistance, rot immunity, AC +5
a: Burn Spellbooks, Renounce Religion, Evoke Berserk Rage


You were on level 6 of the Dungeon.
You worshipped Trog.
Trog was noncommittal.
You were not hungry.

You visited 2 branches of the dungeon, and saw 7 of its levels.

You collected 399 gold pieces.

Inventory:

Hand Weapons
 a - a +0 quarterstaff
 b - a +4 quarterstaff of chaos (weapon)
Missiles
 d - 3 throwing nets (quivered)
Armour
 c - a +0 helmet (worn)
 h - a +0 cloak (worn)
 l - a +0 ring mail
 t - a +0 pair of gloves (worn)
 C - a +0 scale mail
 M - a cursed +0 leather armour (worn)
Jewellery
 m - a cursed +4 ring of evasion (left hand)
 B - an amulet of rage (around neck)
 H - an uncursed ring of resist corrosion
Wands
 s - a wand of flame (22/48)
 z - a wand of flame (18/48)
Scrolls
 e - 2 scrolls of noise {unknown}
 g - 3 scrolls of blinking {unknown}
 i - a scroll of immolation {unknown}
 j - 5 scrolls of identify {unknown}
 n - a scroll of enchant armour {unknown}
 q - 2 scrolls of fear {unknown}
 r - 2 scrolls of magic mapping {unknown}
 x - 3 scrolls of remove curse {unknown}
 E - a scroll of recharging {unknown}
 I - a scroll of random uselessness {unknown}
 N - a scroll of amnesia {unknown}
Potions
 o - 4 potions of curing
 p - a potion of brilliance {unknown}
 w - a potion of mutation {unknown}
 A - a potion of degeneration {unknown}
 D - a potion of ambrosia {unknown}
 F - 2 potions of resistance {unknown}
 K - 2 potions of flight {unknown}
Comestibles
 f - 5 bread rations
 k - 6 fruits
 G - a slice of pizza
 J - a meat ration


   Skills:
 + Level 6.0 Fighting
 + Level 6.2 Staves
 - Level 1.7 Throwing
 + Level 5.8 Armour
 + Level 5.0 Dodging


You had 7 spell levels left.
You didn't know any spells.

Dungeon Overview and Level Annotations

Branches:
Dungeon (6/15)             Temple (1/1) D:5

Altars:
Ashenzari
Cheibriados
Elyvilon
Fedhas
Gozag
Hepliaklqana
Kikubaaqudgha
Makhleb
Nemelex Xobeh
Okawaru
Qazlal
Sif Muna
Trog
Uskayaw
Vehumet
Xom
Yredelemnul

Shops:
D:5 (

Annotations:
D:6 vicissi's ghost, novice HOFi


Innate Abilities, Weirdness & Mutations

You are resistant to torment.
Your stone body is resilient. (AC +5)
You are immune to poison.
You resist negative energy. (rN+)
You are resistant to electric shocks. (rElec)
You can survive without breathing.
You are immune to petrification.
You are immune to rotting.


Message History

Vicissi's ghost hits you!
* * * LOW HITPOINT WARNING * * *
You closely miss vicissi's ghost.
Vicissi's ghost is heavily damaged.
Vicissi's ghost misses you.
You hit vicissi's ghost but do no damage.
Vicissi's ghost is heavily damaged.
Vicissi's ghost says, "I'll split you in two!"
Vicissi's ghost barely misses you.
You hit vicissi's ghost. You freeze vicissi's ghost.
Vicissi's ghost is heavily damaged.
Vicissi's ghost hits you but does no damage.
You feel much better. Vicissi's ghost closely misses you.
You feel yourself speed up. Vicissi's ghost hits you!
* * * LOW HITPOINT WARNING * * *
You are very lightly contaminated with residual magic.
You completely miss vicissi's ghost.
Vicissi's ghost is heavily damaged.
Vicissi's ghost hits you!
You die...

.......
#.....#######
##.......(.[.
....(......#
#.$.......##.#
#....††...##.#
#.........##.#
.....?.#W#.##.#
##.#####.@..#.#
###..#.############
##..#.............
#..............###
#...##########.# #
#.#.# #.# # #.#.#
#.# # #.#.#
########.### #.#..
..........##


You could see vicissi's ghost.

Vanquished Creatures
  Sigmund (D:4)
  Edmund (D:4)
  Duvessa (D:4)
  An ice beast (D:5)
  2 ogres (D:5)
  A wyvern skeleton (D:6)
  3 scorpions
  Dowan (D:4)
  3 howler monkeys
  2 crimson imps
  A bullfrog zombie (D:5)
  Crazy Yiuf (D:2)
  2 hounds
  A bullfrog skeleton (D:5)
  An iguana (D:5)
  Jessica (D:2)
  Ijyb (D:3)
  4 worker ants
  A hound zombie (D:6)
  11 adders
  2 worms
  3 dart slugs
  3 leopard geckos
  3 orcs
  4 giant cockroaches
  4 goblins
  5 hobgoblins
  5 jackals
  10 kobolds
  2 quokkas
  2 ball pythons
  8 bats
  10 frilled lizards
  A jackal skeleton (D:4)
  A leopard gecko skeleton (D:6)
  10 rats
113 creatures vanquished.

Notes
Turn   | Place    | Note
-------+----------+-------------------------------------------
     0 | D:1      | CanadianGator the Gargoyle Gladiator began the quest for the Orb.
     0 | D:1      | Reached XP level 1. HP: 12/12 MP: 1/1
   136 | D:1      | Reached skill level 1 in Armour
   136 | D:1      | Reached XP level 2. HP: 16/17 MP: 2/2
   664 | D:1      | Reached XP level 3. HP: 22/22 MP: 3/3
  1091 | D:2      | Noticed Jessica
  1097 | D:2      | Killed Jessica
  1097 | D:2      | Reached XP level 4. HP: 21/27 MP: 4/4
  1801 | D:2      | Found a runed door.
  1867 | D:2      | Noticed Crazy Yiuf
  1876 | D:2      | Killed Crazy Yiuf
  1876 | D:2      | Reached XP level 5. HP: 22/32 MP: 5/5
  2056 | D:3      | Found a radiant altar of Vehumet.
  2184 | D:3      | Found a faded altar of an unknown god.
  2269 | D:3      | Found a sparkling altar of Nemelex Xobeh.
  2350 | D:3      | Noticed Ijyb
  2356 | D:3      | Killed Ijyb
  2521 | D:4      | Reached XP level 6. HP: 31/37 MP: 6/6
  2565 | D:4      | Found a stormy altar of Qazlal.
  2722 | D:4      | Noticed Edmund
  2733 | D:4      | Killed Edmund
  2733 | D:4      | Reached XP level 7. HP: 36/43 MP: 7/7
  2864 | D:4      | Noticed Sigmund
  2866 | D:4      | Noticed Dowan
  2867 | D:4      | Noticed Duvessa
  2911 | D:4      | Killed Dowan
  2911 | D:4      | Reached skill level 5 in Staves
  2922 | D:4      | Killed Duvessa
  2924 | D:4      | Killed Sigmund
  3123 | D:4      | Found an ancient bone altar of Kikubaaqudgha.
  3225 | D:5      | Entered Level 5 of the Dungeon
  3237 | D:5      | Reached XP level 8. HP: 47/48 MP: 8/8
  3286 | D:5      | Found Veamp's Antique Weapon Shoppe.
  3346 | D:5      | Reached skill level 5 in Fighting
  3346 | D:5      | Reached skill level 5 in Armour
  3534 | D:5      | Found a staircase to the Ecumenical Temple.
  3539 | Temple   | Entered the Ecumenical Temple
  3765 | Temple   | Became a worshipper of Trog the Wrathful
  3888 | D:6      | Found an opulent altar of Gozag.
  3924 | D:6      | Reached skill level 5 in Dodging
  3968 | D:6      | Noticed vicissi's ghost (novice HOFi)
  4000 | D:6      | Slain by vicissi's ghost

Skill      XL: |  1  2  3  4  5  6  7  8 |
---------------+-------------------------+-----
Armour         | 1 2 3 4 5 |  5.8
Staves         | 4 5 6 |  6.2
Fighting       | 3 4 6 |  6.0
Dodging        | 3 4 5 |  5.0
Throwing       | |  1.7

Action                   |  1- 3 |  4- 6 |  7- 9 || total
-------------------------+-------+-------+-------++-------
Melee: Quarterstaff      |   120 |   140 |   141 ||   401
Invok: Burn Spellbooks   |       |       |     1 ||     1
 Abil: Evoke Berserk Rag |       |       |     1 ||     1
  Use: Potion            |       |     2 |     5 ||     7
 Stab: Petrifying        |       |       |     1 ||     1
  Eat: Chunk             |       |     6 |     5 ||    11
Armor: Leather armour    |    49 |       |    12 ||    61
       Ring mail         |    30 |    45 |       ||    75
       Scale mail        |       |       |    39 ||    39
Dodge: Dodged            |    97 |   106 |   118 ||   321
